 Dungeon Crawl Stone Soup version 0.17.0-28-g6e173f8 (webtiles) character file.

909 dvd the Chopper (level 8, -2/69 HPs)
             Began as a Hill Orc Gladiator on Nov 27, 2015.
             Was an Initiate of Beogh.
             Slain by Menkaure (12 damage)
             ... on level 4 of the Dungeon.
             The game lasted 00:11:46 (3907 turns).

dvd the Chopper (Hill Orc Gladiator)                Turns: 3907, Time: 00:11:46

Health: -2/69      AC: 19    Str: 18    XL:     8   Next: 8%
Magic:  8/8        EV: 15    Int:  8    God:    Beogh [......]
Gold:   261        SH: 10    Dex: 13    Spells: 0 memorised, 7 levels left

rFire  + . .     SeeInvis .     E - +1 flail (protect)
rCold  . . .     Clarity  .     p - +0 scale mail
rNeg   . . .     SustAt   .     s - +1 shield {rF+}
rPois  .         Gourm    .     c - +0 helmet
rElec  .         Spirit   .     f - +0 cloak
rCorr  .         Warding  .     (no gloves)
rMut   .         Stasis   .     (no boots)
MR     .....                    (no amulet)
Stlth  ..........               u - +6 ring of evasion
                                r - +5 ring of protection

@: not resistant to hostile enchantments, extremely unstealthy
A: no striking features
a: Renounce Religion


You were on level 4 of the Dungeon.
You worshipped Beogh.
Beogh was noncommittal.
You were not hungry.

You visited 1 branch of the dungeon, and saw 4 of its levels.

You collected 261 gold pieces.

Inventory:

Hand Weapons
 a - a +0 war axe
 n - a +2 quarterstaff of chaos
 E - a +1 flail of protection (weapon)
Missiles
 d - 3 throwing nets
 t - 7 tomahawks (quivered)
Armour
 b - a +0 leather armour
 c - a +0 helmet (worn)
 f - a +0 cloak (worn)
 i - a +0 ring mail
 o - a +0 cloak
 p - a +0 scale mail (worn)
 s - a +1 shield of fire resistance (worn)
Jewellery
 r - a +5 ring of protection (left hand)
 u - a +6 ring of evasion (right hand)
Wands
 q - a wand of cold (2)
 x - a wand of slowing (29)
 z - a wand of polymorph (1)
Scrolls
 j - 4 scrolls of identify
 y - 2 scrolls of remove curse
 C - a scroll of fear {unknown}
 D - a scroll of enchant armour {unknown}
Potions
 h - a potion of ambrosia {unknown}
 k - a potion of degeneration {unknown}
 m - 2 potions of resistance {unknown}
 v - a potion of magic {unknown}
 w - a potion of cure mutation {unknown}
 A - a potion of brilliance {unknown}
 B - a potion of poison {unknown}
Comestibles
 e - 3 bread rations
 g - 4 beef jerkies


   Skills:
 + Level 5.4 Fighting
 + Level 7.3 Axes
 + Level 2.1 Throwing
 + Level 3.3 Armour
 + Level 4.3 Dodging
 + Level 0.1 Stealth
 + Level 2.7 Shields


You had 7 spell levels left.
You didn't know any spells.

Dungeon Overview and Level Annotations

Branches:
Dungeon (4/15)
 Temple: D:4-7

Altars:
Ashenzari
Kikubaaqudgha
Okawaru
Qazlal
Yredelemnul

Annotations:
D:4 Menkaure


Message History

Wield which item (- for none, * to show all)? (? for menu, Esc to quit)
You feel protected!
E - a +1 flail of protection (weapon)
Unknown command.
Drop what? 31/52 slots (_ for help) (? for menu, Esc to quit)
You drop a +0 mace.
Found 15 gold pieces.
You now have 261 gold pieces (gained 15).
Menkaure shouts!
Menkaure calls on the powers of darkness!
Your body is wracked with pain!
You barely miss Menkaure. Menkaure hits you!
* * * LOW HITPOINT WARNING * * *
Menkaure gestures at you while chanting.
Pain shoots through your body!
* * * LOW HITPOINT WARNING * * *
You sock Menkaure!
Menkaure is moderately damaged.
Menkaure hits you!
You die...

...........###.#...####.#
...............#.#.## #.#
.###...#.#######....# #.#
.# ###.#.# ###..# #. .#
#.#.# #.M###. .# #.#.#
#..≈§## .#####.#.# #<.§##
.........#########..≈#
######..........@M..≈# #
#.######.######≈# #
#.###....# #..+ #
#.....#..#####.≈#
#####..........≈#
###########≈# #§# #≈≈
####


You could see Menkaure.

Vanquished Creatures
  Pikel (D:4)
  Eustachio (D:4)
  An ice beast (D:4)
  A slave (D:4)
  Crazy Yiuf (D:2)
  An orc priest (D:4)
  An orc wizard (D:4)
  8 adders
  An ooze (D:2)
  An adder skeleton (D:4)
  A worm (D:2)
  4 giant geckos
  6 orcs
  2 bats
  3 giant cockroaches
  7 goblins
  4 hobgoblins
  6 kobolds
  A ball python (D:4)
  3 giant newts
  9 rats
63 creatures vanquished.

Vanquished Creatures (others)
  A goblin (D:3)
1 creature vanquished.

Grand Total: 64 creatures vanquished

Notes
Turn   | Place    | Note
--------------------------------------------------------------
     0 | D:1      | dvd the Hill Orc Gladiator began the quest for the Orb.
     0 | D:1      | Reached XP level 1. HP: 18/18 MP: 1/1
    42 | D:1      | You fall through a shaft!
   128 | D:2      | Reached XP level 2. HP: 22/25 MP: 2/2
   370 | D:1      | Reached XP level 3. HP: 27/30 MP: 3/3
  1207 | D:2      | Found a shattered altar of Ashenzari.
  1244 | D:2      | Reached skill level 5 in Axes
  1255 | D:2      | Noticed Crazy Yiuf
  1260 | D:2      | Killed Crazy Yiuf
  1260 | D:2      | Reached skill level 1 in Armour
  1260 | D:2      | Reached XP level 4. HP: 28/38 MP: 4/4
  1656 | D:2      | Found an iron altar of Okawaru.
  1998 | D:3      | Became a worshipper of Beogh the Brigand
  2075 | D:3      | Reached XP level 5. HP: 35/45 MP: 5/5
  2178 | D:3      | Found a faded altar to an unknown god.
  2346 | D:3      | Found an ancient bone altar of Kikubaaqudgha.
  2474 | D:4      | Noticed Eustachio
  2476 | D:4      | Found a stormy altar of Qazlal.
  2496 | D:4      | Killed Eustachio
  2496 | D:4      | Reached skill level 6 in Axes
  2496 | D:4      | Reached XP level 6. HP: 47/52 MP: 6/6
  2544 | D:4      | Noticed Menkaure
  2547 | D:4      | Noticed Edmund
  3219 | D:4      | Noticed a slave
  3244 | D:4      | Killed a slave
  3322 | D:4      | Noticed a slave
  3323 | D:4      | Noticed a slave
  3324 | D:4      | Noticed Pikel
  3325 | D:4      | Noticed a slave
  3369 | D:4      | Killed Pikel
  3369 | D:4      | Reached skill level 5 in Fighting
  3369 | D:4      | Reached skill level 7 in Axes
  3369 | D:4      | Reached XP level 7. HP: 26/61 MP: 7/7
  3531 | D:4      | Found a basalt altar of Yredelemnul.
  3858 | D:4      | Noticed Edmund
  3858 | D:4      | Edmund changed into Edmund the ice beast
  3871 | D:4      | Killed Edmund the ice beast
  3871 | D:4      | Reached XP level 8. HP: 69/69 MP: 8/8
  3907 | D:4      | Slain by Menkaure

Action                   |  1- 3 |  4- 6 |  7- 9 || total
-------------------------+-------+-------+-------++-------
Melee: War axe           |    78 |   171 |    15 ||   264
       Mace              |     5 |       |       ||     5
       Flail             |       |       |     2 ||     2
Invok: Convert to Beogh  |       |     1 |       ||     1
Evoke: Wand              |       |       |     2 ||     2
  Use: Scroll            |     3 |       |       ||     3
  Eat: Chunk             |     1 |     7 |       ||     8
       Meat ration       |       |       |     1 ||     1
